 Dungeon Crawl Stone Soup version 0.30.0-17-ge0270778cf (webtiles) character file.

Game seed: 13296092309441983523

184 zazu2006 the Vexing (level 5, -1/43 HPs)
             Began as a Gnoll Wanderer on May 22, 2023.
             Slain by an orc wizard
             ... wielding a +0 dagger
              (3 damage)
             ... on level 3 of the Dungeon.
             The game lasted 00:04:31 (1502 turns).

zazu2006 the Vexing (Gnoll Wanderer)                Turns: 1502, Time: 00:04:32

Health: -1/43      AC:  4    Str: 16    XL:     5   Next: 64%
Magic:  9/9        EV: 11    Int: 12    God:
Gold:   100        SH:  0    Dex: 14    Spells: 9/10 levels left

rFire   . . .        a - +1 hand axe
rCold   . . .        (no shield)
rNeg    . . .        c - +0 leather armour
rPois   +            j - +0 helmet
rElec   .            (no cloak)
rCorr   .            (no gloves)
SInv    .            (no boots)
Will    .....        i - amulet of magic regeneration
Stlth   ++           n - +6 ring of dexterity
HPRegen 0.27/turn    o - ring of poison resistance
MPRegen 0.51/turn

%: no passive effects
@: studying Polearms
A: fangs 1, strong nose, distributed training
a: no special abilities


You were on level 3 of the Dungeon.
You visited 1 branch of the dungeon, and saw 3 of its levels.

You collected 100 gold pieces.

Inventory:

Hand Weapons
 a - a +1 hand axe (weapon)
 h - a +1 dagger of freezing
Armour
 c - a +0 leather armour (worn)
 j - a +0 helmet (worn)
Jewellery
 i - an amulet of magic regeneration (around neck)
 n - a +6 ring of dexterity (left hand)
 o - a ring of poison resistance (right hand)
Scrolls
 b - 2 scrolls of fear
 d - 2 scrolls of torment {unknown}
 e - a scroll of magic mapping {unknown}
 f - 2 scrolls of teleportation {unknown}
Potions
 k - a potion of might {unknown}
 l - a potion of degeneration {unknown}
 m - a potion of ambrosia {unknown}


   Skills:
 + Level 4.8 Fighting
 + Level 1.6 Short Blades
 + Level 1.6 Long Blades
 + Level 3.1 Axes
 + Level 1.6 Maces & Flails
 + Level 2.4 Polearms
 + Level 1.6 Staves
 + Level 1.6 Ranged Weapons
 + Level 1.6 Throwing
 + Level 3.1 Armour
 + Level 1.6 Dodging
 + Level 1.6 Stealth
 + Level 1.6 Shields
 + Level 1.6 Unarmed Combat
 + Level 3.2 Spellcasting
 + Level 1.3 Conjurations
 + Level 5.6 Hexes
 + Level 1.3 Summonings
 + Level 1.3 Necromancy
 + Level 1.3 Translocations
 + Level 1.3 Transmutations
 + Level 1.3 Fire Magic
 + Level 1.3 Ice Magic
 + Level 1.3 Air Magic
 + Level 1.3 Earth Magic
 + Level 1.3 Poison Magic
 + Level 3.2 Invocations
 + Level 3.1 Evocations


You had 9 spell levels left.
You knew the following spells:

 Your Spells              Type           Power      Damage    Failure   Level
a - Slow                  Hex            60%        N/A       2%          1

Your spell library contained the following spells:

 Spells                   Type           Power      Damage    Failure   Level
 Freeze                   Ice            20%        1d4       17%         1
 Summon Guardian Golem    Hex/Summ       10%        N/A       21%         3
 Cigotuvi's Dreadful Rot  Necr/Pois/Air  10%        N/A       26%         2
 Cause Fear               Hex            7%         N/A       28%         4
 Frozen Ramparts          Ice            10%        1d2       45%         3
 Hailstorm                Conj/Ice       5%         3d4       45%         3
 Dispel Undead            Necr           5%         3d7       86%         4
 Death Channel            Necr           2%         N/A       100%        6


Dungeon Overview and Level Annotations

Branches:
Dungeon (3/15)

Altars:


Innate Abilities, Weirdness & Mutations

You have very sharp teeth.
Your uncanny sense of smell can sniff out nearby items.
Your experience applies equally to all skills.


Message History

You kill the orc priest!
You hit something. x2; Something hits you.
Something hits you but does no damage. Something hits you but does no damage.
Something hits you.
Things that are here:
a +0 flail; an orc corpse Something hits you but does no damage. x2
You see here a book of Frost.
You pick up a book of Frost and begin reading...
You add the spells Freeze, Frozen Ramparts and Hailstorm to your library.
Something hits you. Something hits you but does no damage.
You barely miss something. You closely miss something.
Something hits you but does no damage.
You hear some strange, mumbled words.
A magic dart appears from out of thin air!
The magic dart hits you.
* * * LOW HITPOINT WARNING * * *
You miss something. You hit something but do no damage. Something hits you.
* * * LOW HITPOINT WARNING * * *
Something hits you.
* * * LOW HITPOINT WARNING * * *
You barely miss something. You hit something.
Something hits you but does no damage. Something hits you.
* * * LOW HITPOINT WARNING * * *
You closely miss something. You barely miss something. Something hits you.
* * * LOW HITPOINT WARNING * * *
Something hits you.
* * * LOW HITPOINT WARNING * * *
You closely miss something. You hit something.
Something hits you but does no damage. x2; Something hits you.
* * * LOW HITPOINT WARNING * * *
Something hits you but does no damage.
You hit something but do no damage. Your bite misses something.
You closely miss something.
An orc wizard appears from thin air!
Reactivating autopickup.
Something hits you.
* * * LOW HITPOINT WARNING * * *
Deactivating autopickup; reactivate with Ctrl-A.
The orc wizard hits you with a +0 dagger.
You die...

###........###
#..........#
.............#
?............#######
.....#.............#
.....#.............#
.....#....)).......#
.... #....o........#
... #.....@########
#......# #......#
#.$....# #......#
#......# #......#
#......#


You could see an orc wizard.

Vanquished Creatures
  An orc priest (D:3)
  3 orc wizards (D:3)
  3 adders
  A worm (D:3)
  A dart slug (D:2)
  3 orcs (D:3)
  2 bats
  6 endoplasms
  A giant cockroach (D:2)
  3 goblins
  2 hobgoblins
  3 jackals (D:2)
  A kobold (D:1)
  5 quokkas
  5 ball pythons
  3 frilled lizards
  5 rats
  A spectral kobold (D:2)
49 creatures vanquished.

Notes
Turn   | Place    | Note
-------+----------+-------------------------------------------
     0 | D:1      | zazu2006 the Gnoll Wanderer began the quest for the Orb.
     0 | D:1      | zazu2006 set off with the following items: a +1 hand axe, a
                  | scroll of fear, a +0 leather armour; and the following
                  | spell memorised: Slow; and the following spells available
                  | to memorise: Summon Guardian Golem, Cause Fear.
     0 | D:1      | Reached XP level 1. HP: 20/20 MP: 4/4
   155 | D:1      | Reached XP level 2. HP: 26/26 MP: 5/5
   646 | D:2      | Found a faded altar of an unknown god.
   718 | D:2      | Reached skill level 1 in Polearms
   718 | D:2      | Reached XP level 3. HP: 29/31 MP: 7/7
  1142 | D:3      | Reached skill level 1 in Short Blades
  1142 | D:3      | Reached skill level 1 in Long Blades
  1142 | D:3      | Reached skill level 1 in Maces & Flails
  1142 | D:3      | Reached skill level 1 in Staves
  1142 | D:3      | Reached skill level 1 in Ranged Weapons
  1142 | D:3      | Reached skill level 1 in Throwing
  1142 | D:3      | Reached skill level 1 in Dodging
  1142 | D:3      | Reached skill level 1 in Stealth
  1142 | D:3      | Reached skill level 1 in Shields
  1142 | D:3      | Reached skill level 1 in Unarmed Combat
  1209 | D:3      | Reached XP level 4. HP: 32/38 MP: 8/8
  1290 | D:3      | Reached skill level 1 in Conjurations
  1290 | D:3      | Reached skill level 1 in Summonings
  1290 | D:3      | Reached skill level 1 in Necromancy
  1290 | D:3      | Reached skill level 1 in Translocations
  1290 | D:3      | Reached skill level 1 in Transmutations
  1290 | D:3      | Reached skill level 1 in Fire Magic
  1290 | D:3      | Reached skill level 1 in Ice Magic
  1290 | D:3      | Reached skill level 1 in Air Magic
  1290 | D:3      | Reached skill level 1 in Earth Magic
  1290 | D:3      | Reached skill level 1 in Poison Magic
  1301 | D:3      | Reached XP level 5. HP: 28/43 MP: 9/9
  1502 | D:3      | HP: 2/43 [something (1)]
  1502 | D:3      | Slain by an orc wizard

Illustrated notes

Levels and vault maps discovered:
D:1:      heliophobic_arrival_ceremonial_halls, layout_rooms
D:2:      layout_rooms, dreamdust_ecumenical_altar_drowned_temple
D:3:      layout_basic, gammafunk_temple_overflow_wave

Skill      XL: |  1  2  3  4  5 |
---------------+----------------+-----
Polearms       | 1 2 |  2.4
Short Blades   | 1 |  1.6
Long Blades    | 1 |  1.6
Maces & Flails | 1 |  1.6
Staves         | 1 |  1.6
Ranged Weapons | 1 |  1.6
Throwing       | 1 |  1.6
Dodging        | 1 |  1.6
Stealth        | 1 |  1.6
Shields        | 1 |  1.6
Unarmed Combat | 1 |  1.6
Spellcasting   | 3 |  3.2
Conjurations   | 1 |  1.3
Summonings     | 1 |  1.3
Necromancy     | 1 |  1.3
Translocations | 1 |  1.3
Transmutations | 1 |  1.3
Fire Magic     | 1 |  1.3
Ice Magic      | 1 |  1.3
Air Magic      | 1 |  1.3
Earth Magic    | 1 |  1.3
Poison Magic   | 1 |  1.3
Invocations    | 3 |  3.2
Axes           | 3 |  3.1
Armour         | 3 |  3.1
Evocations     | 3 |  3.1
Fighting       | |  4.8
Hexes          | |  5.6

Action                     |  1- 3 |  4- 6 || total
---------------------------+-------+-------++-------
  Melee: Hand axe          |   110 |    57 ||   167
         Bite              |    10 |     5 ||    15
         Punch             |     1 |       ||     1
    Use: Potion            |       |     3 ||     3
 Armour: Leather armour    |    29 |    46 ||    75
  Dodge: Dodged            |    67 |    35 ||   102
